 Dungeon Crawl Stone Soup version 0.30-a0-1163-gf69bf04e7a (webtiles) character file.

Game seed: 1868660309557899808

254 Turgor the Cudgeller (level 5, -3/46 (49) HPs)
             Began as an Armataur Fighter on Apr 28, 2023.
             Slain by a gnoll
             ... wielding a +0 halberd
              (10 damage)
             ... on level 4 of the Dungeon.
             The game lasted 00:11:48 (2745 turns).

Turgor the Cudgeller (Armataur Fighter)             Turns: 2745, Time: 00:11:49

HP:   -3/46 (49)    AC:  7    Str: 21    XL:     5   Next: 91%
MP:   4/4           EV:  7    Int:  8    God:
Gold: 169           SH:  4    Dex: 10    Spells: 4/4 levels left

rFire   . . .        a - +0 flail
rCold   + . .        c - +0 buckler
rNeg    . . .        b - +0 scale mail
rPois   .            (no helmet)
rElec   .            (no cloak)
rCorr   .            (no gloves)
SInv    .            (no barding)
Will    .....        (no amulet) Stlth
                     o - ring of protection from cold
HPRegen 0.27/turn    (no ring)
MPRegen 0.09/turn

%: roll
@: drained, unable to read
A: large, rugged brown scales 3, deformed body, armoured tail, roll, long
tongue, awkward tongue, dopey 1, low MP 1, inability to read after injury 1
a: no special abilities


You were on level 4 of the Dungeon.
You visited 1 branch of the dungeon, and saw 4 of its levels.

You collected 169 gold pieces.

Inventory:

Hand Weapons
 a - a +0 flail (weapon)
 e - a +2 short sword of draining
 l - a +0 dagger of draining
Missiles
 f - 31 stones
 r - 2 poisoned darts (quivered)
 t - 3 boomerangs of dispersal
Armour
 b - a +0 scale mail (worn)
 c - a +0 buckler (worn)
 q - a +0 chain mail
Jewellery
 o - a ring of protection from cold (left hand)
Scrolls
 h - 2 scrolls of teleportation
 m - 6 scrolls of identify {unknown}
 n - a scroll of fog {unknown}
 p - a scroll of immolation {unknown}
 v - a scroll of vulnerability {unknown}
Potions
 d - a potion of might
 g - a potion of haste
 i - a potion of invisibility {unknown}
 j - 2 potions of curing {unknown}
 k - 2 potions of attraction
 s - a potion of heal wounds {unknown}
 u - a potion of flight {unknown}


   Skills:
 + Level 3.8 Fighting
 * Level 4.4 Maces & Flails
 - Level 4.0 Armour
 - Level 4.0 Shields


You had 4 spell levels left.
You didn't know any spells.
Your spell library contained the following spells:

 Spells                   Type           Power      Damage    Failure   Level
 Anguish                  Hex/Necr       0%         N/A       100%        4
 Leda's Liquefaction      Hex/Erth       0%         N/A       100%        4
 Lee's Rapid Deconstruct  Erth           0%         3d4*      100%        5
 Statue Form              Tmut/Erth      0%         N/A       100%        6
 Enfeeble                 Hex            0%         N/A       100%        7


Dungeon Overview and Level Annotations

Branches:
Dungeon (4/15)
 Temple: D:4-7

Altars:
Xom


Innate Abilities, Weirdness & Mutations

You are completely covered in rugged brown scales. (AC +3, +7% HP)
Armour fits poorly on your strangely shaped body.
You have a long armoured tail.
You roll when moving toward enemies. (Rampage)
Your long tongue fully drains potion bottles. (2x potion effects)
Your tongue gives you trouble enunciating. (1.5x scroll delay)
You are dopey. (Int -2)
Your magical capacity is low. (-10% MP)
You occasionally lose the ability to read scrolls when taking damage.


Message History

You roll towards the ball python!
Found a scroll labelled JURIHOSUMN.
You hit the ball python.
You kill the ball python!
You now have 169 gold pieces (gained 6).
You see here a ball python corpse.
v - a scroll labelled DEJIOS MUOR
m - 6 scrolls labelled JURIHOSUMN (gained 1)
A gnoll comes into view. It is wielding a +0 spear.
The gnoll shouts!
You hear a shout!
A gnoll comes into view. It is wielding a +0 halberd.
You roll towards the gnoll!
You sock the gnoll!
The gnoll is heavily wounded.
The gnoll hits you but does no damage. x3; The gnoll hits you with a +0 spear.
You barely miss the gnoll.
The gnoll is heavily wounded.
The gnoll hits you but does no damage.
The gnoll hits you from afar with a +0 halberd!
You barely miss the gnoll.
Your tail-slap misses the gnoll.
The gnoll is heavily wounded.
The gnoll hits you but does no damage.
The gnoll hits you from afar with a +0 halberd.
You barely miss the gnoll. You tail-slap the gnoll.
The gnoll is almost dead.
The gnoll hits you but does no damage.
The gnoll hits you from afar with a +0 halberd.
You barely miss the gnoll.
The gnoll is almost dead.
The gnoll hits you with a +0 spear. The gnoll closely misses you.
You closely miss the gnoll.
Your tail-slap misses the gnoll.
The gnoll is almost dead.
The gnoll hits you with a +0 spear. You block the gnoll's attack.
The gnoll hits you from afar with a +0 halberd.
You feel threatened and lose the ability to read scrolls!
* * * LOW HITPOINT WARNING * * *
The gnoll hits you with a +0 spear.
* * * LOW HITPOINT WARNING * * *
You aren't carrying any items that you can evoke.
Unknown command.
You block the gnoll's attack. The gnoll hits you with a +0 halberd!
You die...

......
####..........##[.
#..†......... . ..
#............. ...
#............. ....
#............
....###............
..........##.......
##......g..........
#.....g@...(......
##......#..........
........#......#...
........##..$### #.
....######...# ....
#..... ... .......
.. .......


You could see 2 gnolls.

Vanquished Creatures
  Sigmund (D:2)
  3 gnolls (D:4)
  An adder (D:2)
  A worm (D:2)
  2 dart slugs (D:3)
  An orc (D:4)
  2 endoplasms (D:2)
  2 giant cockroaches (D:1)
  2 goblins
  14 hobgoblins
  4 jackals (D:2)
  8 ball pythons
  3 bats
  3 frilled lizards
  7 kobolds
  5 rats
59 creatures vanquished.

Notes
Turn   | Place    | Note
-------+----------+-------------------------------------------
     0 | D:1      | Turgor the Armataur Fighter began the quest for the Orb.
     0 | D:1      | Reached XP level 1. HP: 19/19 MP: 1/1
   204 | D:1      | Reached XP level 2. HP: 25/26 MP: 2/2
   976 | D:2      | Reached XP level 3. HP: 28/29 MP: 3/3
  1062 | D:2      | Found a shimmering altar of Xom.
  1177 | D:2      | Noticed Sigmund
  1180 | D:2      | Gained mutation: You are dopey. (Int -2) [potion of
                  | mutation]
  1180 | D:2      | Gained mutation: Your magical capacity is low. (-10% MP)
                  | [potion of mutation]
  1180 | D:2      | Gained mutation: Your magical capacity is very low. (-20%
                  | MP) [potion of mutation]
  1180 | D:2      | Gained mutation: You have a pair of small horns on your
                  | head. [potion of mutation]
  1180 | D:2      | Gained mutation: You occasionally lose the ability to read
                  | scrolls when taking damage. [potion of mutation]
  1180 | D:2      | Lost mutation: You have a pair of small horns on your head.
                  | [potion of mutation]
  1180 | D:2      | Lost mutation: Your magical capacity is very low. (-20% MP)
                  | [potion of mutation]
  1190 | D:2      | Killed Sigmund
  1191 | D:2      | Reached XP level 4. HP: 20/41 MP: 3/3
  1191 | D:2      | Reached XP level 5. HP: 23/48 MP: 4/4
  2689 | D:4      | Noticed an ogre
  2745 | D:4      | Slain by a gnoll

Illustrated notes

Levels and vault maps discovered:
D:1:      wander_arrival_estate, layout_basic
D:2:      layout_basic, basic_altar, uniq_sigmund
D:3:      layout_loops_ring, corexii_shack
D:4:      layout_basic, mainiacjoe_overflow_catwalk_spiral, bloody_makhleb

Skill      XL: |  1  2  3  4  5 |
---------------+----------------+-----
Maces & Flails | 2 3 4 |  4.4
Armour         | 4 |  4.0
Fighting       | 3 |  3.8
Shields        | 4 |  4.0

Action                     |  1- 3 |  4- 6 || total
---------------------------+-------+-------++-------
  Melee: Flail             |    79 |   117 ||   196
         Tailslap          |     4 |    11 ||    15
  Throw: Stone             |       |     3 ||     3
         Dart              |       |     2 ||     2
    Use: Potion            |     3 |       ||     3
         Scroll            |       |     4 ||     4
 Armour: Scale mail        |    51 |    83 ||   134
  Dodge: Dodged            |    31 |    41 ||    72
  Block: Buckler           |    11 |    37 ||    48

Table legend: (Time is in decaauts)
 A = Elapsed time spent in this place.
 B = Non-inter-level travel time spent in this place.
 C = Inter-level travel time spent in this place.
 D = Time resting spent in this place.
 E = Time spent auto-exploring this place.
 F = Levels seen in this place.
 G = Mean time per level.
                   A        B        C        D        E       F      G
               +--------+--------+--------+--------+--------+-----+--------+
         Total |   2779 |   2604 |    175 |    236 |   1772 |   4 |  694.8 |
       Dungeon |   2779 |   2604 |    175 |    236 |   1772 |   4 |  694.8 |
               +--------+--------+--------+--------+--------+-----+--------+

Top non-repeatable levels by time:
     D:2: 1020 daAuts
     D:1: 885 daAuts
     D:3: 709 daAuts
     D:4: 164 daAuts
